 Dungeon Crawl Stone Soup version 0.23-a0-13-gb09bef45d9 (webtiles) character file.

275 Flugkiller the Cutter (level 6, -4/42 HPs)
             Began as an Octopode Wanderer on Aug 1, 2018.
             Slain by an orc wizard
             ... wielding a +0 dagger
              (5 damage)
             ... on level 3 of the Dungeon.
             The game lasted 00:08:48 (3635 turns).

Flugkiller the Cutter (Octopode Wanderer)           Turns: 3635, Time: 00:08:48

Health: -4/42      AC:  1    Str:  9 (10) XL:     6   Next: 24%
Magic:  7/7        EV: 14    Int: 14 (15) God:
Gold:   105        SH:  0    Dex: 12 (14) Spells: 7/7 levels left

rFire    . . .     SeeInvis .   m - +1 short sword (venom)
rCold    . . .     Gourm    .   (no shield)
rNeg     . . .     Faith    .   (helmet restricted)
rPois    .         Spirit   .   (no amulet)
rElec    .         Reflect  .   (no ring)
rCorr    .         Harm     .   (no ring)
MR       .....                  (no ring)
Stlth    +++.......             (no ring)
HPRegen  0.14/turn              (no ring)
MPRegen  0.10/turn              (no ring)
                                (no ring)
                                (no ring)

@: no status effects
A: almost no armour, stealthy swim, amphibious, 8 rings, constrict 8, camouflage
1, gelatinous body 1
a: no special abilities


You were on level 3 of the Dungeon.
You were not hungry.

You visited 1 branch of the dungeon, and saw 3 of its levels.

You collected 105 gold pieces.

Inventory:

Hand Weapons
 b - a +0 spear
 d - a +0 dagger
 k - a +4 flail of venom
 m - a +1 short sword of venom (weapon)
Wands
 h - a wand of flame (28)
Scrolls
 a - a scroll of fear {unknown}
 c - a scroll of teleportation
 e - 5 scrolls of identify {unknown}
 g - a scroll of amnesia {unknown}
 i - a scroll of remove curse
Potions
 j - a potion of haste
Comestibles
 f - 11 rations


   Skills:
 + Level 3.2 Fighting
 + Level 4.5 Short Blades
 + Level 3.2 Dodging
 - Level 2.6 Stealth
 - Level 1.0 Spellcasting
   Level 3.0 Translocations
   Level 1.0 Air Magic


You had 7 spell levels left.
You didn't know any spells.
Your spell library was empty.

Dungeon Overview and Level Annotations

Branches:
Dungeon (3/15)

Altars:
Elyvilon
Fedhas
Ru

Annotations:
D:2 exclusion: oklob plant
D:3 Natasha


Innate Abilities, Weirdness & Mutations

You cannot wear most types of armour.
You are very stealthy in the water. (Stealth+)
You are amphibious.
You can wear up to eight rings at the same time.
You can use your tentacles to constrict eight enemies at once.
Your skin changes colour to match your surroundings (Stealth+).
Your rubbery body absorbs attacks. (AC +1, EV +1)


Message History

The magic dart hits you!
You hit something but do no damage. Something hits you.
You closely miss something. You squeeze something. Something hits you.
* * * LOW HITPOINT WARNING * * *
Okay, then.
Evoke which item? (* to show all) (? for menu, Esc to quit)
Okay, then.
You completely miss something.
You hear some strange, mumbled words.
A magic dart appears from out of thin air!
The magic dart hits you!
* * * LOW HITPOINT WARNING * * *
Unknown command.
Sorry, you're not good enough to have a special ability.
Unknown command.
It was a potion of degeneration.
There was something very wrong with that liquid.
You feel weakened.
You feel dopey.
You feel clumsy. Something hits you.
You die...

#.........#
#.........#
#.>.......#
#.........#
#.....<...#
#.........#
#..)......#
#......{..#
#.....[@..#
###.........##
#............#
#####.....##.##
#.###.##..#
#.###.###.#
#.##...##..#
###.....##.#
###.......#.#


There were no monsters in sight!

Vanquished Creatures
  Ijyb (D:3)
  Natasha (twice) (D:3)
  Terence (D:3)
  An orc wizard (D:3)
  Robin (D:3)
  5 adders
  An ooze (D:2)
  2 dart slugs
  4 worms
  2 leopard geckos (D:2)
  4 orcs
  8 bats
  2 giant cockroaches
  17 goblins
  5 hobgoblins
  5 jackals
  7 kobolds
  2 rats
70 creatures vanquished.

Vanquished Creatures (others)
  12 toadstools (D:2)
12 creatures vanquished.

Grand Total: 82 creatures vanquished

Notes
Turn   | Place    | Note
-------+----------+-------------------------------------------
     0 | D:1      | Flugkiller the Octopode Wanderer began the quest for the Orb.
     0 | D:1      | Flugkiller set off with: a +2 short sword, a +0 spear, a scroll of teleportation, a +0 dagger, a ration
     0 | D:1      | Reached XP level 1. HP: 11/11 MP: 2/2
   509 | D:1      | Reached XP level 2. HP: 18/18 MP: 3/3
   632 | D:1      | Reached skill level 1 in Dodging
   638 | D:1      | Reached skill level 1 in Fighting
   853 | D:1      | Reached XP level 3. HP: 18/23 MP: 4/4
   968 | D:2      | Noticed Terence
  1504 | D:2      | Reached XP level 4. HP: 29/29 MP: 5/5
  1521 | D:2      | Found a blossoming altar of Fedhas.
  2092 | D:2      | Noticed an oklob plant
  2191 | D:3      | Found a sacrificial altar of Ru.
  2239 | D:3      | Noticed Ijyb
  2249 | D:3      | Killed Ijyb
  2249 | D:3      | Reached skill level 4 in Short Blades
  2249 | D:3      | Reached XP level 5. HP: 35/35 MP: 6/6
  2285 | D:3      | Noticed Natasha
  2290 | D:3      | Killed Natasha
  2308 | D:3      | Noticed Natasha
  2316 | D:3      | Killed Natasha
  2349 | D:3      | Noticed Robin
  2364 | D:3      | Noticed Natasha
  2818 | D:3      | Reached XP level 6. HP: 40/42 MP: 7/7
  2848 | D:3      | Found a white marble altar of Elyvilon.
  2927 | D:3      | Killed Terence
  2963 | D:2      | HP: 2/42 [poisoned by Terence]
  3295 | D:3      | Killed Robin
  3633 | D:3      | HP: 1/42 [something/magic dart (8)]
  3635 | D:3      | Slain by an orc wizard

Vault maps used:
D:1:      wheals_arrival_shading
D:2:      first_ration, tgw_fedhas, uniq_terence
D:3:      lemuel_round_altar, hangedman_ru_absence, biasface_ghost_orc_armoury,
          uniq_ijyb, uniq_natasha, uniq_robin

Skill      XL: |  1  2  3  4  5 |
---------------+----------------+-----
Dodging        | 1 2 3 |  3.2
Fighting       | 1 2 3 |  3.2
Short Blades   | 4 |  4.5
Stealth        | |  2.6
Spellcasting   | |  1.0
Translocations | |  3.0
Air Magic      | |  1.0

Action                   |  1- 3 |  4- 6 || total
-------------------------+-------+-------++-------
Melee: Short sword       |    50 |    95 ||   145
       Constrict         |    17 |    28 ||    45
       Tentacles         |    10 |    16 ||    26
  Use: Scroll            |     1 |       ||     1
       Potion            |     5 |     1 ||     6
 Stab: Sleeping          |     8 |     4 ||    12
  Eat: Chunk             |     2 |     6 ||     8
Armor: Skin              |     8 |     4 ||    12
Dodge: Dodged            |    30 |    49 ||    79

Table legend:
 A = Spawn XP
 B = Non-spawn XP
 C = Spawn XP percentage of total XP
 D = Spawn monster count
 E = Non-spawn monster count
 F = Spawn count percentage of total count
 G = Total turns spent on level
                    A         B        C        D         E        F      G
               +---------+---------+-------+---------+---------+-------+---------
         Total |       0 |     393 |   0.0 |       0 |      70 |   0.0 |  3635
               +---------+---------+-------+---------+---------+-------+---------
           D:1 |       0 |      48 |   0.0 |       0 |      19 |   0.0 |  1424
           D:2 |       0 |      99 |   0.0 |       0 |      27 |   0.0 |  1688
           D:3 |       0 |     246 |   0.0 |       0 |      24 |   0.0 |   523
               +---------+---------+-------+---------+---------+-------+---------
